 Dungeon Crawl Stone Soup version 0.30-a0-414-gcb316572d5 (webtiles) character file.

Game seed: 348514603403343630

87 pokeman the Magician (level 4, -2/25 HPs)
             Began as a Deep Elf Hedge Wizard on Dec 7, 2022.
             Killed by miscasting Mephitic Cloud (5 damage)
             ... on level 3 of the Dungeon.
             The game lasted 00:04:46 (1927 turns).

pokeman the Magician (Deep Elf Hedge Wizard)        Turns: 1927, Time: 00:04:46

Health: -2/25      AC:  8    Str:  7    XL:     4   Next: 28%
Magic:  10/13      EV: 12    Int: 17    God:
Gold:   39         SH:  0    Dex: 14    Spells: 6/14 levels left

rFire   . . .      SeeInvis .    i - +2 dagger (venom)
rCold   . . .      Faith    .    (no shield)
rNeg    + + .      Spirit   .    b - +0 robe
rPois   .          Reflect  .    o - +2 hood of the Assassin {Detection Stab+ Stlth++}
rElec   +          Harm     .    m - scarf {repulsion}
rCorr   +          Rampage  .    (no gloves)
Will    .....                    (no boots)
Stlth   ++++......               (no amulet)
HPRegen 0.24/turn                q - ring "Jautas" {rElec rN++ rCorr AC+4 Int-4}
MPRegen 0.13/turn                (no ring)

@: lethally poisoned (-2 -> -5), very slightly contaminated, repel missiles
A: no striking features
a: no special abilities


You were on level 3 of the Dungeon.
You visited 1 branch of the dungeon, and saw 3 of its levels.

You collected 39 gold pieces.

Inventory:

Hand Weapons
 i - a +2 dagger of venom (weapon)
Armour
 b - a +0 robe (worn)
 m - a scarf of repulsion (worn)
 o - the +2 hood of the Assassin (worn) {Detection Stab+ Stlth++}
   (You found it on level 2 of the Dungeon)

   It allows the wearer to sense nearby creatures.
   It allows the wearer to make particularly effective stabbing attacks against
   helpless or unaware enemies with any weapon.
   Stlth:     It makes you much more stealthy.
Jewellery
 q - the ring "Jautas" (left hand) {rElec rN++ rCorr AC+4 Int-4}
   (You found it on level 2 of the Dungeon)

   [ring of protection]

   AC:        It affects your AC (+4).
   Int:       It affects your intelligence (-4).
   rElec:     It insulates you from electricity.
   rN:        It greatly protects you from negative energy.
   rCorr:     It protects you from acid and corrosion.
Scrolls
 f - 2 scrolls of identify {unknown}
 g - a scroll of vulnerability {unknown}
 j - a scroll of immolation {unknown}
 k - a scroll of silence {unknown}
 s - a scroll of butterflies {unknown}
Potions
 a - a potion of might {unknown}
 c - a potion of cancellation {unknown}
 d - a potion of magic
 e - a potion of invisibility {unknown}
 h - 3 potions of haste {unknown}
 l - a potion of curing
 n - a potion of degeneration {unknown}
 p - 2 potions of flight {unknown}
 r - a potion of heal wounds {unknown}


   Skills:
 - Level 1.0 Fighting
 - Level 1.0 Armour
 + Level 2.7 Dodging
 + Level 2.7 Stealth
 * Level 5.6 Spellcasting
 + Level 2.1 Conjurations
 - Level 1.1 Summonings
 - Level 1.1 Translocations


You had 6 spell levels left.
You knew the following spells:

 Your Spells              Type           Power      Damage    Failure   Level
a - Magic Dart            Conj           48%        1d5       5%          1
b - Mephitic Cloud        Conj/Pois/Air  7%         N/A       30%         3
c - Call Imp              Summ           8%         N/A       13%         2
d - Blink                 Tloc           16%        N/A       13%         2

Your spell library contained the following spells:

 Spells                   Type           Power      Damage    Failure   Level
 Slow                     Hex            16%        N/A       14%         1
 Cigotuvi's Dreadful Rot  Necr/Pois/Air  8%         N/A       21%         2
 Dazzling Flash           Conj/Hex       16%        N/A       26%         3
 Agony                    Necr           4%         N/A       98%         5
 Silence                  Hex/Air        2%         N/A       98%         5


Dungeon Overview and Level Annotations

Branches:
Dungeon (3/15)

Altars:


Message History

The helpless adder fails to defend itself.
You puncture the adder!
The adder is poisoned.
The adder is almost dead.
The adder closely misses you. The adder misses you.
You barely miss the adder.
The adder is almost dead.
You kill the adder!
Found a scroll labelled JELIED DUNWA.
You hear the slow rusting of a very distant drain.
An orc comes into view. It is wielding a +0 short sword.
An orc comes into view. It is wielding a +0 club.
A rat comes into view.
An orc priest comes into view.
It is wielding a +1 war axe of freezing.
The orc shouts! x2; The orc priest shouts!
The orc priest hits you with a +1 war axe of freezing.
The orc priest freezes you. The orc misses you.
You hit the orc priest.
The orc priest is lightly wounded.
The orc priest misses you. The orc hits you but does no damage.
Unknown command.
The orc attacks as you move away! The orc misses you.
The orc attacks as you move away! The orc misses you.
The orc priest attacks as you move away!
The orc priest closely misses you.
The orc priest mumbles some strange prayers to Beogh against you.
Beogh smites you!
Ouch! That really hurt!
* * * LOW HITPOINT WARNING * * *
Casting: Magic Dart (safe; 5% risk of failure)
Confirm with . or Enter, or press ? or * to list all spells.
The spell is extremely dangerous to miscast (30% risk of failure)!
Continue anyway?
Aiming: Mephitic Cloud (extremely dangerous; 30% risk of failure)
Press: ? - help, Shift-Dir - straight line, f - orc
Aim: an orc, wielding a +0 short sword (chance to affect: 96%) That beam is likely to hit you.
Continue anyway?
You miscast Mephitic Cloud.
You are very lightly contaminated with residual magic.
You feel odd.
You are lethally poisoned!
You die...

#.>#..... ##.####.. #.#
### ♣# #.# +. #.# ♣♣♣.
#.## #.#.## #?.##
..##....###########...####
+.....oo@...............+
##....r###########...####
#...o...# #..## #...###.#
#.## #### .# #.#### #
#....# ####.# #.# #.#


You could see an orc priest, 2 orcs and a rat.

Vanquished Creatures
  3 adders
  3 dart slugs (D:2)
  4 orcs
  6 endoplasms
  3 giant cockroaches (D:1)
  2 goblins
  5 hobgoblins
  2 quokkas
  2 ball pythons
  5 bats
  2 frilled lizards
  2 kobolds
  11 rats
50 creatures vanquished.

Notes
Turn   | Place    | Note
-------+----------+-------------------------------------------
     0 | D:1      | pokeman the Deep Elf Hedge Wizard began the quest for the
                  | Orb.
     0 | D:1      | Reached XP level 1. HP: 10/10 MP: 7/7
   429 | D:1      | Reached XP level 2. HP: 15/15 MP: 7/9
   901 | D:2      | Reached skill level 5 in Spellcasting
   901 | D:2      | Reached XP level 3. HP: 15/20 MP: 3/11
   905 | D:2      | Learned a level 3 spell: Mephitic Cloud
   908 | D:2      | Learned a level 2 spell: Call Imp
   911 | D:2      | Learned a level 2 spell: Blink
  1164 | D:2      | Found the +2 hood of the Assassin {Detection Stab+ Stlth++}
  1214 | D:2      | Reached skill level 1 in Fighting
  1214 | D:2      | Reached skill level 1 in Armour
  1395 | D:2      | Identified the ring "Jautas" {rElec rN++ rCorr AC+4 Int-4}
  1680 | D:2      | Reached XP level 4. HP: 22/25 MP: 13/13
  1927 | D:3      | Killed by miscasting Mephitic Cloud

Illustrated notes

Levels and vault maps discovered:
D:1:      grunt_arrival_lava_bath, layout_basic
D:2:      layout_rooms
D:3:      layout_loops_corners, marbit_many_paths,
          mainiacjoe_overflow_six_doors_small, portal_sewer_entry_e,
          uniq_terence, uniq_sigmund, uniq_jessica, uniq_crazy_yiuf_cottage

Skill      XL: |  1  2  3 |
---------------+----------+-----
Spellcasting   | 5 |  5.6
Fighting       | 1 |  1.0
Armour         | 1 |  1.0
Conjurations   | 2 |  2.1
Dodging        | |  2.7
Stealth        | |  2.7
Summonings     | |  1.1
Translocations | |  1.1

Action                   |  1- 3 |  4- 6 || total
-------------------------+-------+-------++-------
Melee: Dagger            |    18 |    13 ||    31
 Cast: Magic Dart        |    96 |     9 ||   105
 Stab: Sleeping          |       |     2 ||     2
Armor: Robe              |    10 |     5 ||    15
Dodge: Dodged            |    13 |    10 ||    23

Table legend: (Time is in decaauts)
 A = Elapsed time spent in this place.
 B = Non-inter-level travel time spent in this place.
 C = Inter-level travel time spent in this place.
 D = Time resting spent in this place.
 E = Time spent auto-exploring this place.
 F = Levels seen in this place.
 G = Mean time per level.
                   A        B        C        D        E       F      G
               +--------+--------+--------+--------+--------+-----+--------+
         Total |   1924 |   1895 |     29 |    111 |   1413 |   3 |  641.3 |
       Dungeon |   1924 |   1895 |     29 |    111 |   1413 |   3 |  641.3 |
               +--------+--------+--------+--------+--------+-----+--------+

Top non-repeatable levels by time:
     D:2: 958 daAuts
     D:1: 847 daAuts
     D:3: 117 daAuts
